 Dungeon Crawl Stone Soup version 0.30-a0-782-ge64f9170bb (webtiles) character file.

Game seed: 4402620267302486449

74 kae the Insei (level 4, -4/35 HPs)
             Began as a Draconian Transmuter on Mar 15, 2023.
             Killed by divine providence
             ... invoked by an orc priest
              (9 damage)
             ... on level 3 of the Dungeon on Mar 16, 2023.
             The game lasted 00:02:30 (1081 turns).

kae the Insei (Draconian Transmuter)                Turns: 1081, Time: 00:02:31

Health: -4/35      AC:  2    Str: 12    XL:     4   Next: 10%
Magic:  4/7        EV: 19    Int: 15    God:
Gold:   81         SH:  0    Dex: 17    Spells: 2/8 levels left

rFire   . . .      SeeInvis .      - Unarmed
rCold   . . .      Faith    .    (shield currently unavailable)
rNeg    . . .      Spirit   .    (body armour unavailable)
rPois   x          Reflect  .    (helmet currently unavailable)
rElec   .          Harm     .    (cloak currently unavailable)
rCorr   .          Rampage  .    (gloves currently unavailable)
Will    .....                    (boots currently unavailable)
Stlth   ++                       (no amulet)
HPRegen 0.25/turn                (no ring)
MPRegen 0.10/turn                (no ring)

@: spider-form (expiring)
A: venomous fangs, AC +5, tiny, unfitting armour, (cold-blooded)
a: End Transformation


You were on level 3 of the Dungeon.
You were a venomous arachnid creature.
You visited 1 branch of the dungeon, and saw 3 of its levels.

You collected 81 gold pieces.


Innate Abilities, Weirdness & Mutations

You are a venomous arachnid creature.
You have venomous fangs.
You are tiny and dextrous.
Your spellcasting is less reliable in this form.
Your armour is entirely melded.
You are incapable of wielding weapons or throwing items.
((Your plain brown scales are hard. (AC +5)))
You cannot fit into any form of body armour.
((You are cold-blooded and may be slowed by cold attacks.))


   Skills:
 - Level 1.1 Fighting
 - Level 1.7 Dodging
 + Level 3.5 Unarmed Combat
 + Level 2.5 Spellcasting
 * Level 3.2 Transmutations
 * Level 1.1 Poison Magic


You had 2 spell levels left.
You knew the following spells:

 Your Spells              Type           Power      Damage    Failure   Level
a - Beastly Appendage     Tmut           22%        N/A       16%         1
b - Wereblood             Tmut           11%        N/A       22%         2
c - Spider Form           Tmut/Pois      8%         N/A       47%         3

Your spell library contained the following spells:

 Spells                   Type           Power      Damage    Failure   Level
 Ice Form                 Ice/Tmut       6%         N/A       87%         4

Inventory:

Missiles
 c - 14 stones
Armour
 d - a +0 pair of gloves (melded)
   (You found it on level 1 of the Dungeon)
 g - a +1 cloak (melded)
   (You found it on level 1 of the Dungeon)
Magical Staves
 j - a staff of conjuration {!a}
   (You found it on level 2 of the Dungeon)
Scrolls
 f - 2 scrolls of identify {@r1}
 i - 2 scrolls of torment {unknown}
Potions
 a - a potion of lignification {!q}
 b - a potion of magic
 e - 2 potions of brilliance
 h - a potion of haste {unknown}
 k - a potion of degeneration {unknown}
 l - a potion of ambrosia {unknown}

Dungeon Overview and Level Annotations

Branches:
Dungeon (2/15) Zot: 16920

Altars:

Annotations:
D:2 Natasha

.## .. .. ##
.## # #) .. .#
#
#.#?#.###.###..
#$..o..........
#s####....##.
#o)##... [...
##.##.##..##.
#...........
###.......#
#.....#.#
#.......#
#.....###
#.....#


You could see an orc priest and an orc (very poisoned).


Message History

😎 MP[-1]
You lost 1 mp, and now have 5/6 mp.
You barely miss the worm.
The orc shouts!
The orc wizard shouts!
Your kick misses the worm. The worm bites you.
The orc wizard mumbles some strange words.
The orc wizard flickers and vanishes!
Deactivating autopickup; reactivate with Ctrl-A.
You barely miss the worm. You claw the worm. You headbutt the worm.
You tail-slap the worm, but do no damage. 😕 HP[-2]
You take 2 damage, and now have 26/28 hp.
You hit the worm. You claw the worm. You headbutt the worm.
You kill the worm!
You are confused.
You are too confused!
You bump into the rock wall.
Something tries to affect you, but you resist.
You bump into the rock wall.
An orc comes into view. It is wielding a +0 dagger.
Unknown command. 😕 HP[+1]
You bump into the rock wall.
Unknown command.
You bump into the rock wall. 😕 MP[+1]
Your mp is fully restored (6).
Unknown command.
Your horns disappear.
Your talons disappear.
You feel less confused.
A puff of flame appears from out of thin air!
The puff of flame hits you! 😮 HP[-7]
You take 7 damage, and now have 20/28 hp.
MASSIVE DAMAGE!! (PAUSE)
Casting: Beastly Appendage (safe; 6% risk of failure)
Confirm with . or Enter, or press ? or * to list all spells.
The spell is extremely dangerous to miscast (30% risk of failure)!
Continue anyway? [Y]es or [N]o only, please.
The spell is extremely dangerous to miscast (30% risk of failure)!
Continue anyway?
You turn into a venomous arachnid creature.
Your +1 cloak melds into your body.
Your +0 pair of gloves melds into your body. 😮 HP[+1] MP[-3]
You lost 3 mp, and now have 3/6 mp.
An orc is nearby!
Something hits you. 😮 HP[-2]
You take 2 damage, and now have 19/28 hp.
You bite something! Something hits you. The orc misses you. 😮 HP[-3]
You take 3 damage, and now have 16/28 hp.
You hit something.
Reactivating autopickup.
You feel a bit more experienced. The orc hits you with a +0 war axe.
Your Poison Magic skill increases to level 1!
You have reached level 4!
You feel agile. 😮 HP[+4]
You now have 35 max hp (+7).
You regained 4 hp, and now have 20/35 hp.
You hit the orc but do no damage. The orc completely misses you.
The orc hits you with a +0 war axe. 😮 HP[-1]
You take 1 damage, and now have 19/35 hp.
You hit the orc but do no damage. The orc barely misses you.
The orc misses you.
Unknown command.
You hit the orc but do no damage.
The orc is poisoned.
The orc hits you with a +0 dagger.
* * * LOW HITPOINT WARNING * * *
The orc completely misses you. 😨 HP[-4]
You take 4 damage, and now have 15/35 hp.
You hit the orc.
The orc looks as sick as possible!
Your transformation is almost over.
You kill the orc!
The orc hits you with a +0 war axe!
* * * LOW HITPOINT WARNING * * *
The orc completely misses you.
Items here: )) [[ †. 😨 HP[-6] MP[+1]
You take 6 damage, and now have 9/35 hp.
An orc priest comes into view. It is wielding a +0 trident.
The orc closely misses you.
You barely miss the orc. The orc hits you with a +0 war axe.
* * * LOW HITPOINT WARNING * * *
Unknown command. 😱 HP[-5]
You take 5 damage, and now have 4/35 hp.
You bite the orc!
The orc is poisoned.
The orc priest barely misses you.
The orc barely misses you. 😱 HP[+1] Unknown command.
You barely miss the orc priest. The orc completely misses you.
The orc priest misses you.
Unknown command.
You barely miss the orc priest.
The orc priest mumbles some strange prayers to Beogh against you.
Beogh smites you!
You die...

Skill      XL: |  1  2  3 |
---------------+----------+-----
Transmutations | 3 |  3.2
Poison Magic   | 1 |  1.1
Fighting       | |  1.1
Dodging        | |  1.7
Unarmed Combat | |  3.5
Spellcasting   | |  2.5

Action                     |  1- 3 |  4- 6 || total
---------------------------+-------+-------++-------
  Melee: Unarmed           |    93 |     8 ||   101
         Tailslap          |     9 |       ||     9
         Kick              |    12 |       ||    12
         Headbutt          |     7 |       ||     7
         Punch             |     1 |       ||     1
   Cast: Beastly Appendage |    20 |       ||    20
         Spider Form       |     1 |       ||     1
    Use: Scroll            |     5 |       ||     5
   Stab: Sleeping          |     1 |       ||     1
 Armour: Skin              |    39 |       ||    39
  Dodge: Dodged            |    69 |    10 ||    79

Levels and vault maps discovered:
D:1:      nagdon_arrival_zigzag_paths, layout_basic
D:2:      layout_loops_ring, kennysheep_generic_room_15, uniq_natasha
D:3:      layout_rooms, serial_bayou, serial_bayou_lagoon_a,
          serial_bayou_pond_c, serial_bayou_ford_a, serial_bayou_pond_d,
          serial_bayou_pond_d, serial_bayou_shore_b,
          minmay_misc_feat_nine_boxes, uniq_robin

Notes
Turn   | Place    | Note
-------+----------+-------------------------------------------
     0 | D:1      | kae the Draconian Transmuter began the quest for the Orb.
     0 | D:1      | Reached XP level 1. HP: 16/16 MP: 3/3
     0 | D:1      | magus.rc [v1.11.3]
   105 | D:1      | Reached XP level 2. HP: 23/23 MP: 3/5
   233 | D:1      | Learned a level 2 spell: Wereblood
   499 | D:1      | Reached XP level 3. HP: 28/28 MP: 4/6
   503 | D:1      | Learned a level 3 spell: Spider Form
   790 | D:2      | magus.rc [v1.11.3]
   912 | D:2      | Reached skill level 3 in Transmutations
  1050 | D:2      | Noticed Natasha
  1051 | D:2      | You fall into a shaft and drop 1 floor!
  1072 | D:3      | Reached skill level 1 in Poison Magic
  1072 | D:3      | Reached XP level 4. HP: 20/35 MP: 3/7
  1078 | D:3      | HP: 4/35 [orc/+0 war axe (5)]
  1081 | D:3      | Killed from afar by an orc priest

Vanquished Creatures
  An orc wizard (D:3)
  2 worms
  A dart slug (D:2)
  An orc (D:3)
  7 bats
  4 endoplasms (D:1)
  A giant cockroach (D:1)
  4 goblins
  A hobgoblin (D:2)
  5 kobolds
  A quokka (D:1)
  3 ball pythons
  5 frilled lizards
  4 rats
40 creatures vanquished.

Table legend:
 A = Non-vault XP
 B = Vault XP
 C = Vault XP percentage of total XP
 D = Non-vault monster count
 E = Vault monster count
 F = Vault count percentage of total count
                 A         B        C        D         E       F
            +---------+---------+-------+---------+---------+-------
      Total |     107 |       0 |   0.0 |      40 |       0 |   0.0
            +---------+---------+-------+---------+---------+-------
        D:1 |      42 |       0 |   0.0 |      25 |       0 |   0.0
        D:2 |      22 |       0 |   0.0 |      12 |       0 |   0.0
        D:3 |      43 |       0 |   0.0 |       3 |       0 |   0.0
            +---------+---------+-------+---------+---------+-------

Illustrated notes

Table legend:
 A = Kills in this place as a percentage of kills in entire the game.
 B = Kills by you in this place as a percentage of kills by you in the entire game.
 C = Kills by friends in this place as a percentage of kills by friends in the entire game.
 D = Other kills in this place as a percentage of other kills in the entire game.
 E = Experience gained in this place as a percentage of experience gained in the entire game.
 F = Experience gained in this place divided by the number of levels of this place that you have seen.
                   A       B       C       D       E      F
               +-------+-------+-------+-------+-------+----------------------
         Total | 100.0 | 100.0 |   N/A |   N/A | 100.0 |  35.7
       Dungeon | 100.0 | 100.0 |   N/A |   N/A | 100.0 |  35.7
               +-------+-------+-------+-------+-------+----------------------

Table legend: (Time is in decaauts)
 A = Elapsed time spent in this place.
 B = Non-inter-level travel time spent in this place.
 C = Inter-level travel time spent in this place.
 D = Time resting spent in this place.
 E = Time spent auto-exploring this place.
 F = Levels seen in this place.
 G = Mean time per level.
                   A        B        C        D        E       F      G
               +--------+--------+--------+--------+--------+-----+--------+
         Total |   1078 |   1042 |     36 |      7 |    752 |   3 |  359.3 |
       Dungeon |   1078 |   1042 |     36 |      7 |    752 |   3 |  359.3 |
               +--------+--------+--------+--------+--------+-----+--------+

Top non-repeatable levels by time:
     D:1: 658 daAuts
     D:2: 390 daAuts
     D:3: 29 daAuts
